 Dungeon Crawl Stone Soup version 0.20.0-10-g0535bb4 (webtiles) character file.

5746 skittles the Arsonist (level 10, 0/84 HPs)
             Began as a Yellow Draconian Fire Elementalist on June 6, 2017.
             Was an Initiate of Vehumet.
             Slain by a killer bee (3 damage)
             ... on level 8 of the Dungeon.
             The game lasted 00:41:04 (12714 turns).

skittles the Arsonist (DrFE)                       Turns: 12714, Time: 00:41:05

Health: 0/84       AC: 10    Str: 10    XL:     10   Next: 49%
Magic:  14/17      EV:  2    Int: 18    God:    Vehumet [......]
Gold:   330        SH:  0    Dex: 13    Spells: 3/19 levels left

rFire    + . .     SeeInvis .   z - +4 falchion (slice)
rCold    x . .     Gourm    .   (no shield)
rNeg     + + +     Faith    .   (armour unavailable)
rPois    ∞         Spirit   .   D - +1 hat
rElec    .         Reflect  .   h - +0 cloak
rCorr    +         Harm     .   (no gloves)
MR       .....                  x - +0 pair of boots
Stlth    ++........             (no amulet)
Regen    0.3/turn               G - ring of fire
MPRegen  0.2/turn               w - ring of wizardry

@: petrified
A: spit acid, acid resistance, unfitting armour, cold-blooded, AC +7
a: Breathe Acid, Renounce Religion


You were on level 8 of the Dungeon.
You worshipped Vehumet.
Vehumet was noncommittal.
You were very hungry.

You visited 2 branches of the dungeon, and saw 9 of its levels.

You collected 330 gold pieces.

Inventory:

Hand Weapons
 z - a +4 falchion of slicing (weapon)
 A - a +0 flail of holy wrath
 C - a +2 halberd
 H - a +2 dagger of venom
 Q - a +5 long sword
Missiles
 t - 5 poisoned javelins (quivered)
 u - a throwing net
Armour
 h - a +0 cloak (worn)
 x - a +0 pair of boots (worn)
 D - a +1 hat (worn)
Magical Staves
 N - an uncursed staff of air
Jewellery
 q - an uncursed ring of stealth
 w - a ring of wizardry (right hand)
 G - a ring of fire (left hand)
Wands
 y - a wand of flame (30/48)
 J - a wand of digging (5/24)
Scrolls
 d - a scroll of fear
 f - 3 scrolls of enchant weapon
 g - 4 scrolls of teleportation
 n - 2 scrolls of identify
 o - a scroll of amnesia
 F - a scroll of magic mapping
 L - 2 scrolls of remove curse
Potions
 c - 4 potions of heal wounds
 e - a potion of invisibility
 j - 2 potions of magic
 k - a potion of ambrosia {unknown}
 l - 5 potions of berserk rage
 m - 3 potions of flight
 p - 2 potions of mutation {unknown}
 r - 2 potions of curing {unknown}
 s - a potion of resistance {unknown}
 B - 3 potions of haste {unknown}
 I - a potion of brilliance {unknown}
 M - a potion of might {unknown}
 O - a potion of agility
 P - a potion of cancellation {unknown}
Books
 a - a book of Flames

   Spells                             Type                      Level
   a - Flame Tongue                   Conjuration/Fire             1
   b - Throw Flame                    Conjuration/Fire             2
   c - Conjure Flame                  Conjuration/Fire             3
   d - Inner Flame                    Hexes/Fire                   3
   e - Sticky Flame                   Conjuration/Fire             4
   f - Fireball                       Conjuration/Fire             5
 v - a book of Minor Magic

   Spells                             Type                      Level
   a - Magic Dart                     Conjuration                  1
   b - Blink                          Translocation                2
   c - Call Imp                       Summoning                    2
   d - Slow                           Hexes                        2
   e - Conjure Flame                  Conjuration/Fire             3
   f - Mephitic Cloud                 Conjuration/Poison/Air       3
 K - a book of Changes

   Spells                             Type                      Level
   a - Beastly Appendage              Transmutation                1
   b - Sticks to Snakes               Transmutation                2
   c - Spider Form                    Transmutation/Poison         3
   d - Ice Form                       Ice/Transmutation            4
   e - Blade Hands                    Transmutation                5
Comestibles
 b - 5 bread rations
 i - 7 meat rations
 E - a royal jelly


   Skills:
 + Level 6.6 Fighting
 + Level 1.1 Long Blades
 + Level 5.8 Dodging
 - Level 1.7 Stealth
 - Level 5.1 Spellcasting
 + Level 8.4 Conjurations
 + Level 9.2 Fire Magic


You had 3 spell levels left.
You knew the following spells:

 Your Spells              Type           Power        Failure   Level  Hunger
a - Flame Tongue          Conj/Fire      #####        1%          1    None
b - Conjure Flame         Conj/Fire      ######..     1%          3    ##.....
c - Sticky Flame          Conj/Fire      ######..     1%          4    ####...
d - Fireball              Conj/Fire      ######....   4%          5    ######.
e - Magic Dart            Conj           ####         1%          1    None
l - Blink                 Tloc           N/A          9%          2    #......


Dungeon Overview and Level Annotations

Branches:
Dungeon (8/15)             Temple (1/1) D:4
   Lair: D:8-11

Altars:
Cheibriados
Dithmenos
Elyvilon
Fedhas
Gozag
Hepliaklqana
Kikubaaqudgha
Makhleb
Nemelex Xobeh
Okawaru
Qazlal
Ru
Sif Muna
Trog
Uskayaw
Vehumet
Xom
Yredelemnul
Zin
The Shining One

Shops:
D:5 [%


Innate Abilities, Weirdness & Mutations

You can spit globs of acid.
You are resistant to acid.
Your golden yellow scales are hard. (AC +7)
You cannot fit into any form of body armour.
You are cold-blooded and may be slowed by cold attacks.


Message History

You feel strangely unstable.
The gnoll hits you from afar with a halberd!
* * * LOW HITPOINT WARNING * * *
Your limbs are stiffening.
Your surroundings suddenly seem different.
You have turned to stone.
Found a trident and a scroll of fear. 2 killer bees come into view.
The killer bee buzzes angrily. x2
The killer bee moves out of view. 2 killer bees come into view.
The killer bee buzzes angrily. x2
The killer bee completely misses you.
The killer bee stings you but does no damage.
The killer bee stings you but does no damage.
You have got your breath back.
The killer bee completely misses you. The killer bee stings you.
* * * LOW HITPOINT WARNING * * *
The killer bee stings you!
You die...

###########
#.........
#........
#.......
#......
#.....###+##
#....yy.....
#...@y#
#....y).....
#....####...
#....# .
###+##


You could see 4 killer bees.

Vanquished Creatures
  A two-headed ogre (D:8)
  Grinder (D:3)
  A hippogriff (D:7)
  A yak (D:8)
  A hungry ghost (D:5)
  A basilisk (D:8)
  Edmund (D:6)
  2 porcupines
  3 sky beasts
  An orc warrior (D:8)
  2 ice beasts
  A necrophage (D:7)
  3 ogres
  A phantom (D:4)
  3 centaurs
  A crocodile (D:8)
  A big kobold (D:4)
  6 bullfrogs
  A scorpion (D:6)
  8 wights
  6 electric eels (D:5)
  A howler monkey (D:7)
  A crimson imp (D:5)
  A centaur zombie (D:8)
  2 centaur skeletons (D:4)
  A jelly (D:8)
  2 orc priests
  A bullfrog skeleton (D:5)
  A hound (D:6)
  An iguana (D:5)
  7 orc wizards
  5 worker ants
  A hound zombie (D:5)
  3 worker ant zombies
  15 gnolls
  6 adders
  A shadow imp (D:5)
  3 oozes
  An adder zombie (D:7)
  An adder skeleton (D:6)
  2 worms (D:3)
  A dart slug (D:1)
  4 leopard geckos
  22 orcs
  2 ball pythons
  9 giant cockroaches
  4 hobgoblins
  13 jackals
  8 quokkas
  3 bats
  7 frilled lizards
  15 goblins
  6 kobolds
  5 rats
201 creatures vanquished.

Vanquished Creatures (others)
  5 dream sheep (D:7)
  An ogre (D:7)
  A bullfrog (D:7)
  A leopard gecko (D:7)
  5 plants (D:8)
13 creatures vanquished.

Grand Total: 214 creatures vanquished

Notes
Turn   | Place    | Note
-------+----------+-------------------------------------------
     0 | D:1      | skittles the Draconian Fire Elementalist began the quest for the Orb.
     0 | D:1      | Reached XP level 1. HP: 14/14 MP: 3/3
   398 | D:1      | Reached XP level 2. HP: 20/20 MP: 1/5
   941 | D:2      | Reached XP level 3. HP: 26/26 MP: 1/6
  1438 | D:2      | Found a white marble altar of Elyvilon.
  1443 | D:2      | Reached skill level 4 in Fire Magic
  1849 | D:3      | Learned a level 3 spell: Conjure Flame
  1851 | D:3      | Learned a level 1 spell: Magic Dart
  1853 | D:3      | Found an iron altar of Okawaru.
  2055 | D:3      | Reached XP level 4. HP: 24/33 MP: 5/7
  2360 | D:3      | Noticed Grinder
  2401 | D:3      | Learned a level 2 spell: Blink
  2405 | D:3      | Paralysed by Grinder for 4 turns
  2423 | D:3      | Paralysed by Grinder for 7 turns
  2431 | D:3      | Paralysed by Grinder for 2 turns
  2454 | D:3      | Paralysed by Grinder for 2 turns
  2457 | D:3      | Paralysed by Grinder for 2 turns
  2727 | D:3      | Paralysed by Grinder for 7 turns
  3223 | D:3      | Killed Grinder
  3223 | D:3      | Reached skill level 5 in Fire Magic
  3223 | D:3      | Reached XP level 5. HP: 12/38 MP: 0/8
  3223 | D:3      | Reached XP level 6. HP: 14/45 MP: 0/9
  3555 | D:3      | Found a glowing golden altar of the Shining One.
  3669 | D:3      | Found an opulent altar of Gozag.
  3711 | D:4      | Found a blossoming altar of Fedhas.
  4612 | D:4      | Reached skill level 6 in Fire Magic
  4612 | D:4      | Your scales start taking on a golden yellow colour.
  4612 | D:4      | Reached XP level 7. HP: 38/50 MP: 0/11
  5226 | D:4      | Found a staircase to the Ecumenical Temple.
  5255 | Temple   | Entered the Ecumenical Temple
  5337 | D:4      | Reached skill level 5 in Conjurations
  5343 | D:4      | Learned a level 4 spell: Sticky Flame
  5888 | D:5      | Entered Level 5 of the Dungeon
  5921 | D:5      | Noticed a hungry ghost
  6103 | D:5      | Found Mashrabb's Antique Armour Emporium.
  6250 | D:5      | Reached XP level 8. HP: 42/57 MP: 12/14
  6436 | D:5      | Found Zuudwinn's Food Boutique.
  6543 | D:5      | Reached skill level 1 in Fighting
  6930 | D:5      | Reached skill level 7 in Fire Magic
  7308 | D:6      | Found a stormy altar of Qazlal.
  7643 | D:6      | Found a shadowy altar of Dithmenos.
  8316 | D:6      | Noticed Edmund
  8330 | D:6      | Killed Edmund
  8330 | D:6      | Reached skill level 5 in Spellcasting
  8330 | D:6      | Reached XP level 9. HP: 70/70 MP: 10/16
  8721 | D:5      | Found a hide-covered altar of Uskayaw.
  8721 | D:5      | Noticed a dagger
  8721 | D:5      | Noticed a hand axe
  9632 | D:5      | Learned a level 5 spell: Fireball
 10218 | D:7      | Reached skill level 8 in Fire Magic
 10488 | D:7      | Found a shimmering altar of Xom.
 10489 | D:7      | Reached skill level 5 in Fighting
 10489 | D:7      | Reached skill level 5 in Dodging
 10685 | D:7      | Found a sparkling altar of Nemelex Xobeh.
 10965 | D:7      | Found a radiant altar of Vehumet.
 11514 | D:7      | Reached XP level 10. HP: 81/81 MP: 14/17
 11720 | D:7      | Became a worshipper of Vehumet
 11999 | D:8      | Noticed a two-headed ogre
 12413 | D:8      | Killed a two-headed ogre
 12413 | D:8      | Reached skill level 9 in Fire Magic
 12565 | D:8      | Reached skill level 1 in Long Blades
 12707 | D:8      | HP: 2/84 [gnoll/halberd (7)]
 12714 | D:8      | HP: 3/84 [killer bee (1)]
 12714 | D:8      | Slain by a killer bee

Skill      XL: |  1  2  3  4  5  6  7  8  9 10 |
---------------+-------------------------------+-----
Conjurations   | 2 4 5 6 7 8 |  8.4
Fire Magic     | 4 5 6 7 8 9 |  9.2
Spellcasting   | 4 5 |  5.1
Dodging        | 3 5 |  5.8
Fighting       | 3 5 6 |  6.6
Long Blades    | 1 |  1.1
Stealth        | |  1.7

Action                   |  1- 3 |  4- 6 |  7- 9 | 10-12 || total
-------------------------+-------+-------+-------+-------++-------
Melee: Unarmed           |     9 |       |       |       ||     9
       Dagger            |    57 |       |   187 |       ||   244
       Tailslap          |     9 |    13 |    38 |     2 ||    62
       Club              |    20 |       |       |       ||    20
       Spear             |    37 |    69 |    17 |       ||   123
       Rapier            |       |    54 |    60 |       ||   114
       Halberd           |       |       |    61 |    27 ||    88
       Falchion          |       |       |    27 |    23 ||    50
 Cast: Flame Tongue      |    30 |    48 |    84 |    43 ||   205
       Magic Dart        |       |    10 |       |       ||    10
       Conjure Flame     |       |     1 |     5 |     4 ||    10
       Sticky Flame      |       |       |    13 |     7 ||    20
       Blink             |       |       |     1 |       ||     1
       Fireball          |       |       |     5 |     2 ||     7
 Abil: Breathe Acid      |       |       |     1 |     1 ||     2
  Use: Scroll            |     2 |     5 |     8 |     1 ||    16
 Stab: Sleeping          |     9 |     3 |     2 |       ||    14
       Distracted        |     1 |       |       |       ||     1
  Eat: Chunk             |     4 |     7 |    16 |     7 ||    34
       Bread ration      |       |     1 |     1 |       ||     2
       Royal jelly       |       |       |     1 |       ||     1
Armor: Skin              |    55 |    34 |   126 |    27 ||   242
Dodge: Dodged            |    74 |    74 |   235 |    40 ||   423
       Rpst.: Falchion   |       |       |     6 |    11 ||    17
